 Dungeon Crawl Stone Soup version 0.24.0-125-gc4c63601f3 (webtiles) character file.

Game seed: 14309076119106513210, levelgen mode: deterministic

4593 Peloso the Carver (level 10, -1/86 HPs)
             Began as a Minotaur Fighter on Mar 21, 2020.
             Was a High Priest of Okawaru.
             Killed from afar by an orc wizard (6 damage)
             ... with a magic dart
             ... on level 8 of the Dungeon.
             The game lasted 00:15:13 (7357 turns).

Peloso the Carver (Minotaur Fighter)                Turns: 7357, Time: 00:15:13

Health: -1/86      AC: 17    Str: 29    XL:     10   Next: 18%
Magic:  7/9        EV: 12    Int:  5    God:    Okawaru [*****.]
Gold:   382        SH: 17    Dex: 11    Spells: 9/9 levels left

rFire    + . .     SeeInvis .   a - +0 long sword
rCold    x . .     Gourm    .   c - +0 shield
rNeg     . . .     Faith    .   K - +0 plate armour
rPois    .         Spirit   .   (helmet restricted)
rElec    .         Reflect  +   m - scarf {repulsion}
rCorr    .         Harm     .   (no gloves)
MR       .....                  n - +0 pair of boots
Stlth    ..........             j - +3 amulet of reflection
HPRegen  0.24/turn              k - +6 ring of strength
MPRegen  0.11/turn              I - ring of fire

@: heroism, slowed, studying Stealth, repel missiles, very slow
A: retaliatory headbutt, horns 2
a: Heroism, Finesse, Renounce Religion


You were on level 8 of the Dungeon.
You worshipped Okawaru.
Okawaru was extremely pleased with you.
You were hungry.

You visited 1 branch of the dungeon, and saw 8 of its levels.

You collected 382 gold pieces.

Inventory:

Hand Weapons
 a - a +0 long sword (weapon)
 y - the +3 mace "Sodaenlagg" {holy, rPois rF+ rN++ Stlth+}
   (You found it on level 6 of the Dungeon)

   It has been blessed by the Shining One to cause great damage to the undead
   and demons.
   It protects you from fire.
   It protects you from poison.
   It greatly protects you from negative energy.
   It makes you more stealthy.
Armour
 b - a +0 scale mail
 c - a +0 shield (worn)
 i - a +0 chain mail
 m - a scarf of repulsion (worn)
 n - a +0 pair of boots (worn)
 K - a +0 plate armour (worn)
Jewellery
 h - an uncursed amulet of guardian spirit
 j - a +3 amulet of reflection (around neck)
 k - a +6 ring of strength (left hand)
 v - an uncursed ring of ice
 F - a +3 ring of protection
 I - a ring of fire (right hand)
Wands
 w - a wand of digging (5)
 B - a wand of paralysis (15)
 D - a wand of polymorph (10)
 E - a wand of random effects (32)
Scrolls
 e - 10 scrolls of identify {unknown}
 g - a scroll of enchant armour {unknown}
 q - 3 scrolls of teleportation {unknown}
 x - a scroll of noise {unknown}
 z - a scroll of remove curse {unknown}
 C - a scroll of fear {unknown}
 G - 3 scrolls of enchant weapon {unknown}
Potions
 d - a potion of might
 l - a potion of magic {unknown}
 o - a potion of degeneration {unknown}
 p - 3 potions of curing {unknown}
 r - 6 potions of heal wounds {unknown}
 s - 3 potions of mutation {unknown}
 u - a potion of invisibility {unknown}
 A - a potion of brilliance {unknown}
 H - a potion of cancellation {unknown}
 J - a potion of agility {unknown}
Books
 t - a manual of Stealth
Comestibles
 f - 17 rations
 L - 3 chunks of flesh


   Skills:
 + Level 7.5(12.5) Fighting
 + Level 10.8(15.8) Long Blades
 + Level 8.8(13.8) Armour
 + Level 3.2(8.2) Dodging
 + Level 0.8(5.8) Stealth
 + Level 9.6(14.6) Shields
 + Level 1.3 Invocations


You had 9 spell levels left.
You didn't know any spells.
Your spell library contained the following spells:

 Spells                   Type           Power        Failure   Level  Hunger
 Shock                    Conj/Air       #...         98%         1    ##.....
 Swiftness                Chrm/Air       #.......     99%         2    ###....
 Static Discharge         Conj/Air       #.......     100%        3    ####...
 Airstrike                Air            #.........   100%        4    #####..
 Lightning Bolt           Conj/Air       #.........   100%        5    ######.


Dungeon Overview and Level Annotations

Branches:
Dungeon (8/15)             Temple (0/1) D:7
   Lair: D:8-11

Altars:
Dithmenos
Elyvilon
Nemelex Xobeh
Okawaru
Qazlal
Trog
Zin

Annotations:
D:6 2 transporters, jaiteiro's ghost, novice VSFi


Innate Abilities, Weirdness & Mutations

You reflexively headbutt those who attack you in melee.
You have a pair of horns on your head.


Message History

The orc priest hits you with a +0 dagger.
* * * LOW HITPOINT WARNING * * *
You block the orc wizard's attack.
Unknown command.
You gain the combat prowess of a mighty hero.
The orc wizard is no longer moving quickly.
The orc wizard hits you but does no damage.
You block the orc priest's attack.
The orc wizard hits you but does no damage.
An orc comes into view. It is wielding a +1 flail of crushing.
You hit the orc priest but do no damage.
You headbutt the orc priest.
The orc priest is moderately wounded.
The orc priest calls down the wrath of Beogh upon you.
Beogh smites you!
* * * LOW HITPOINT WARNING * * *
The orc priest looks encouraged for a moment.
The orc wizard gestures at you while chanting.
The magic dart hits you.
You die...

#.# ###..#.####.# #.# (.#
#......# #.# #.#
.#####.###..###.### #..
.# #..........#...## ...
.# #........#......###
#.. .#
#........######...# )#
#..[.....### #...# )#
#..........#####..# ####
)#
#........#..o@oo[.##..[..
.#
#........######..........
.# #...†....# ###o.......
.####.####### #.........
......# ......###.#
....### #...##... # ....#
.o..# ###. ...## #.### #
...#


oo. You could see 2 orc priests, an orc wizard and an orc.

Vanquished Creatures
  Harold (D:7)
  Joseph (D:7)
  A hippogriff (D:8)
  Eustachio (D:4)
  A steam dragon (D:8)
  Duvessa (D:6)
  4 orc warriors
  A sky beast (D:8)
  A black bear (D:5)
  7 ogres
  A phantom (D:7)
  6 bullfrogs
  Dowan (D:6)
  3 scorpions
  A howler monkey (D:8)
  3 crimson imps
  3 bullfrog zombies
  5 hounds
  A jelly (D:6)
  Crazy Yiuf (D:6)
  2 orc priests
  A centaur skeleton (D:8)
  4 orc wizards
  2 bullfrog skeletons
  5 iguanas
  7 worker ants
  A worker ant zombie (D:4)
  5 adders
  2 shadow imps
  3 oozes
  2 adder skeletons (D:4)
  An adder zombie (D:6)
  3 worms
  3 dart slugs
  22 orcs
  3 ball pythons
  7 bats
  12 giant cockroaches
  10 goblins
  11 hobgoblins
  16 jackals
  A quokka (D:4)
  A ball python skeleton (D:5)
  8 frilled lizards
  A jackal skeleton (D:5)
  7 kobolds
  A leopard gecko skeleton (D:6)
  A quokka skeleton (D:7)
  A quokka zombie (D:8)
  7 rats
194 creatures vanquished.

Vanquished Creatures (others)
  4 fungi (D:8)
  A plant (D:6)
  3 toadstools (D:8)
8 creatures vanquished.

Grand Total: 202 creatures vanquished

Notes
Turn   | Place    | Note
-------+----------+-------------------------------------------
     0 | D:1      | Peloso the Minotaur Fighter began the quest for the Orb.
     0 | D:1      | Reached XP level 1. HP: 19/19 MP: 0/0
    21 | D:1      | Reached XP level 2. HP: 22/27 MP: 1/1
   222 | D:1      | Reached XP level 3. HP: 31/33 MP: 2/2
   285 | D:1      | Reached skill level 3 in Long Blades
   836 | D:2      | Found a bloodstained altar of Trog.
  1214 | D:2      | Reached XP level 4. HP: 41/41 MP: 3/3
  1228 | D:2      | Found an iron altar of Okawaru.
  1449 | D:2      | Became a worshipper of Warmaster Okawaru
  1746 | D:2      | Reached skill level 1 in Dodging
  1751 | D:2      | Reached XP level 5. HP: 31/47 MP: 4/4
  2207 | D:3      | Noticed an ogre
  2216 | D:3      | Killed an ogre
  2216 | D:3      | Reached * piety under Okawaru
  2216 | D:3      | Reached skill level 4 in Long Blades
  2216 | D:3      | Reached skill level 5 in Armour
  2216 | D:3      | Reached skill level 5 in Shields
  2216 | D:3      | Reached XP level 6. HP: 39/53 MP: 5/5
  2479 | D:4      | Reached skill level 5 in Fighting
  2479 | D:4      | Reached skill level 5 in Long Blades
  2517 | D:4      | Reached ** piety under Okawaru
  2517 | D:4      | Reached XP level 7. HP: 33/61 MP: 6/6
  2581 | D:4      | Found a white marble altar of Elyvilon.
  2689 | D:4      | Reached skill level 6 in Long Blades
  2836 | D:5      | Entered Level 5 of the Dungeon
  2970 | D:5      | Noticed Eustachio
  3027 | D:4      | Killed Eustachio
  3027 | D:4      | Reached skill level 7 in Long Blades
  3542 | D:5      | Reached XP level 8. HP: 69/69 MP: 7/7
  3962 | D:6      | Reached *** piety under Okawaru
  4037 | D:6      | Found a runed translucent door.
  4038 | D:6      | Noticed Crazy Yiuf
  4063 | D:6      | Found a shadowy altar of Dithmenos.
  4063 | D:6      | Found a stormy altar of Qazlal.
  4073 | D:6      | Noticed Dowan
  4074 | D:6      | Noticed Duvessa
  4097 | D:6      | Killed Duvessa
  4097 | D:6      | Reached skill level 8 in Long Blades
  4105 | D:6      | Killed Dowan
  4126 | D:6      | Got a transparent mace
  4127 | D:6      | Identified the +3 mace "Sodaenlagg" {holy, rPois rF+ rN++
                  | Stlth+} (You found it on level 6 of the Dungeon)
  4138 | D:6      | Killed Crazy Yiuf
  4164 | D:6      | Found a glowing silver altar of Zin.
  4176 | D:6      | Noticed jaiteiro's ghost (novice VSFi)
  4191 | D:6      | Found a transporter.
  4194 | D:6      | Identified the +7 dire flail "Lengi" {venom, -Tele *Corrode
                  | Int+2 Dex+9}
  4252 | D:6      | Found a transporter.
  4640 | D:7      | Reached skill level 9 in Long Blades
  4650 | D:7      | Reached XP level 9. HP: 60/75 MP: 8/8
  4712 | D:7      | Noticed Harold
  4720 | D:7      | Paralysed by Harold for 5 turns
  5064 | D:7      | Paralysed by Harold for 5 turns
  5071 | D:7      | Killed Harold
  5071 | D:7      | Reached **** piety under Okawaru
  5186 | D:7      | Noticed Joseph
  5203 | D:7      | Reached skill level 10 in Long Blades
  5211 | D:7      | Killed Joseph
  5692 | D:7      | Found a staircase to the Ecumenical Temple.
  6407 | D:8      | Reached ***** piety under Okawaru
  6807 | D:8      | Reached XP level 10. HP: 31/86 MP: 6/9
  7147 | D:8      | Found a sparkling altar of Nemelex Xobeh.
  7274 | D:8      | Reached skill level 1 in Invocations
  7288 | D:8      | Found the +3 salamander hide armour {+Rage rF++}
  7357 | D:8      | Killed from afar by an orc wizard

Levels and vault maps discovered:
D:1:      minmay_arrival_shoal_huts, layout_basic
D:2:      layout_basic, old_standard_altar, lemuel_coloured_pillars_altar,
          serial_bayou_crossing
D:3:      layout_rooms
D:4:      layout_basic, elyvilon_altar_5, minmay_manual_macuahuitl
D:5:      black_bear_nest_1, layout_cave_pools, first_ration,
          chequers_big_river, kennysheep_generic_room_5, uniq_eustachio
D:6:      layout_gridville, gammafunk_temple_overflow_forgotten,
          gammafunk_ghost_smash, uniq_crazy_yiuf_cottage, uniq_duvessa
D:7:      layout_loops_corners, temple_hall, minivault_10, uniq_joseph,
          uniq_harold
D:8:      layout_rooms, nemelex_altar_shiori, corner_web_ring,
          minmay_gold_behind_fungi

Skill      XL: |  1  2  3  4  5  6  7  8  9 10 |
---------------+-------------------------------+-----
Fighting       | 4 5 6 7 |  7.5
Shields        | 4 5 6 7 9 |  9.6
Long Blades    | 3 4 5 7 9 10 | 10.8
Armour         | 4 5 6 8 |  8.8
Dodging        | 1 2 3 |  3.2
Invocations    | 1 |  1.3
Stealth        | |  0.8

Action                   |  1- 3 |  4- 6 |  7- 9 | 10-12 || total
-------------------------+-------+-------+-------+-------++-------
Melee: Long sword        |   103 |   120 |   312 |    72 ||   607
       Headbutt          |    10 |    28 |    81 |    17 ||   136
Invok: Heroism           |       |       |     6 |     1 ||     7
Evoke: Wand              |       |       |     1 |       ||     1
  Eat: Chunk             |     1 |     4 |     8 |     1 ||    14
       Ration            |       |       |     2 |       ||     2
Armor: Scale mail        |    29 |       |       |       ||    29
       Chain mail        |    38 |    74 |   107 |    11 ||   230
       Plate armour      |       |       |       |    12 ||    12
Dodge: Dodged            |    39 |    38 |    66 |     8 ||   151
       Deflected         |     1 |       |     1 |       ||     2
Block: Shield            |    95 |   111 |   234 |    45 ||   485
       Reflection        |     2 |       |     4 |       ||     6
       Rpst.: Long sword |     8 |    10 |    21 |     3 ||    42
